 Dungeon Crawl Stone Soup version 0.26-a0-158-g66bac3cce0 (webtiles) character file.

Game seed: 2775978296569479494

212 Esekla the Grave Robber (level 6, -1/44 HPs)
             Began as a Formicid Necromancer on July 2, 2020.
             Slain by a gnoll
             ... wielding a +0 flail
              (8 damage)
             ... on level 4 of the Dungeon.
             The game lasted 00:25:10 (4289 turns).

Esekla the Grave Robber (Formicid Necromancer)      Turns: 4289, Time: 00:25:11

Health: -1/44      AC:  2    Str: 13    XL:     6   Next: 14%
Magic:  2/11       EV: 12    Int: 16    God:
Gold:   166        SH:  0    Dex: 11    Spells: 8/12 levels left

rFire    . . .     SeeInvis +   d - +0 spear
rCold    . . .     Faith    .   (no shield)
rNeg     . . .     Spirit   .   a - +0 robe
rPois    .         Reflect  .   (helmet unavailable)
rElec    .         Harm     .   (no cloak)
rCorr    .                      (no gloves)
MR       .....                  (no boots)
Stlth    ++........             (no amulet)
HPRegen  0.14/turn              (no ring)
MPRegen  0.12/turn              (no ring)

@: lethally poisoned (-1 -> -3)
A: permanent stasis, dig shafts and tunnels, four strong arms, antennae 3
a: Dig, Shaft Self


You were on level 4 of the Dungeon.
You were not hungry.

You visited 1 branch of the dungeon, and saw 4 of its levels.

You collected 166 gold pieces.

Inventory:

Hand Weapons
 d - a +0 spear (weapon)
 k - a +0 short sword
 l - a +0 halberd of venom
Missiles
 p - 5 poisoned darts (quivered)
Armour
 a - a +0 robe (worn)
 r - a +0 leather armour
Scrolls
 b - a scroll of immolation {unknown}
 e - a scroll of amnesia {unknown}
 g - a scroll of fear {unknown}
 i - a scroll of magic mapping {unknown}
 q - a scroll of noise {unknown}
Potions
 f - a potion of invisibility
 h - a potion of stabbing {unknown}
 j - a potion of heal wounds
 m - a potion of curing
 n - a potion of flight
Comestibles
 c - 2 rations


   Skills:
 * Level 2.1 Fighting
 + Level 0.1 Short Blades
 + Level 2.1 Polearms
 + Level 2.2 Dodging
 + Level 2.8 Stealth
 * Level 3.8 Spellcasting
 + Level 4.7 Necromancy


You had 8 spell levels left.
You knew the following spells:

 Your Spells              Type           Power        Failure   Level  Hunger
a - Pain                  Necr           ###.         2%          1    None
d - Vampiric Draining     Necr           ###.......   8%          3    ###....

Your spell library contained the following spells:

 Spells                   Type           Power        Failure   Level  Hunger
 Animate Skeleton         Necr           N/A          2%          1    None
 Animate Dead             Necr           N/A          24%         4    ####...
 Agony                    Necr           ###.....     56%         5    ######.


Dungeon Overview and Level Annotations

Branches:
Dungeon (4/15)
 Temple: D:4-7

Altars:
Elyvilon
Vehumet

Annotations:
D:4 Eustachio


Innate Abilities, Weirdness & Mutations

You cannot be hasted, slowed, berserked, paralysed or teleported.
You can dig through walls and to a lower floor.
Your four strong arms can wield two-handed weapons with a shield.
You have a pair of large antennae on your head. (SInv)


Message History

Aiming: Vampiric Draining (dangerous; 8% risk of failure)
Press: ? - help, Shift-Dir - straight line, f/p - gnoll
Aim: a gnoll, wielding a +0 halberd of venom (severely wounded)
You kill the gnoll!
You feel life coursing into your body.
You feel sick.
You see here a +0 halberd of venom.
l - a +0 halberd of venom You feel sick.
The gnoll shouts!
The gnoll hits you with a +0 flail!
* * * LOW HITPOINT WARNING * * *
There is an escape hatch in the floor here.
You feel sick. The gnoll barely misses you.
You slide downwards.
The hatch slams shut behind you.
Eustachio the Magnificent comes into view.
He is wielding a +0 falchion and wearing a +2 leather armour of poison resistance.
Found a ring mail.
Are you sure you want to shaft yourself?
You feel somewhat more hungry.
You feel sick. The gnoll hits you with a +0 flail!
You die...

##.รท ##
#... .##
#... ##
...[
##...
##..
.....
#.....#
...##
##...
##..##.
...#...
#..#..
#.@.#
......#
#@#
......#
#......g#
...#..
###...#..
##
#..##..#
# #.#
##.. #..
#.# #.#
#. #.. .#
#. .. #.
#. ..


You could see Eustachio (asleep) and a gnoll.

Vanquished Creatures
  A hound (D:3)
  An orc priest (D:4)
  A gnoll (D:3)
  6 adders
  An ooze (D:2)
  2 worms (D:2)
  5 dart slugs
  2 leopard geckos
  2 orcs (D:4)
  4 ball pythons
  3 giant cockroaches
  4 goblins
  7 hobgoblins
  2 quokkas (D:2)
  7 bats
  A frilled lizard (D:4)
  12 kobolds
  7 rats
68 creatures vanquished.

Notes
Turn   | Place    | Note
-------+----------+-------------------------------------------
     0 | D:1      | Esekla the Formicid Necromancer began the quest for the
                  | Orb.
     0 | D:1      | Reached XP level 1. HP: 13/13 MP: 3/3
   626 | D:1      | Reached XP level 2. HP: 17/20 MP: 5/5
  1503 | D:1      | Reached XP level 3. HP: 13/25 MP: 7/7
  1687 | D:1      | Learned a level 3 spell: Vampiric Draining
  2375 | D:2      | Reached skill level 1 in Fighting
  2375 | D:2      | Reached XP level 4. HP: 26/32 MP: 1/8
  2379 | D:2      | Reached skill level 1 in Polearms
  2739 | D:2      | Found a radiant altar of Vehumet.
  3519 | D:3      | Reached XP level 5. HP: 27/37 MP: 2/10
  3529 | D:3      | Found a white marble altar of Elyvilon.
  3652 | D:3      | You fall into a shaft and drop 1 floor!
  4137 | D:3      | Reached XP level 6. HP: 37/44 MP: 6/11
  4288 | D:4      | Noticed Eustachio
  4289 | D:4      | Slain by a gnoll

Illustrated notes

Levels and vault maps discovered:
D:1:      minmay_arrival_diagonal_passages, layout_rooms
D:2:      minmay_skewed_foursquare, layout_basic,
          nicolae_overflow_crystal_walls, first_ration
D:3:      layout_basic, elyvilon_altar_5, uniq_sigmund
D:4:      layout_layer_cave, overflow_temple_1_default, old_standard_altar,
          uniq_eustachio

Skill      XL: |  1  2  3  4  5 |
---------------+----------------+-----
Dodging        | 2 |  2.2
Fighting       | 1 2 |  2.1
Spellcasting   | 3 |  3.8
Polearms       | 1 2 |  2.1
Short Blades   | |  0.1
Stealth        | |  2.8
Necromancy     | |  4.7

Action                   |  1- 3 |  4- 6 || total
-------------------------+-------+-------++-------
Melee: Spear             |    95 |   156 ||   251
       Short sword       |       |     2 ||     2
 Cast: Pain              |    24 |     7 ||    31
       Vampiric Draining |     6 |    18 ||    24
 Abil: Shaft Self        |       |     2 ||     2
  Use: Scroll            |       |     4 ||     4
       Potion            |       |     2 ||     2
 Stab: Sleeping          |     4 |     4 ||     8
       Distracted        |     1 |       ||     1
  Eat: Chunk             |     4 |    10 ||    14
Armor: Robe              |    18 |    18 ||    36
Dodge: Dodged            |    60 |    82 ||   142

Table legend:
 A = Non-vault XP
 B = Vault XP
 C = Vault XP percentage of total XP
 D = Non-vault monster count
 E = Vault monster count
 F = Vault count percentage of total count
                 A         B        C        D         E       F
            +---------+---------+-------+---------+---------+-------
      Total |     278 |      26 |   8.6 |      61 |       7 |  10.3
            +---------+---------+-------+---------+---------+-------
        D:1 |      36 |       0 |   0.0 |      20 |       0 |   0.0
        D:2 |      52 |      26 |  33.3 |      22 |       7 |  24.1
        D:3 |     118 |       0 |   0.0 |      10 |       0 |   0.0
        D:4 |      72 |       0 |   0.0 |       9 |       0 |   0.0
            +---------+---------+-------+---------+---------+-------
